Map: Королевская бухта РВ

Players

Murena - Winner!

  • Race: Protoss Protoss
  • Spawn Location: 11:00

ИИ 1 (эксперт)

  • Race: Terran Terran
  • Spawn Location: 5:00

VOD

Have the link to the VOD?

Description

Time

  • Played on: Aug. 17, 2019, 11:47 a.m.
  • Length: 8:27
Show
View Real Time Build Order
Export as new Build Order

Murena Protoss - Winner!

Build Orders:  

Get SALT Encoding   

  1  0:00  Probe  
  12  0:05  Probe  
  14  0:15  Probe  
  15  0:24  Pylon  
  16  0:42  Probe  
  16  0:44  Gateway  
  16  0:54  Assimilator  
  16  0:55  Probe  
  17  1:01  Gateway  
  17  1:07  Probe  
  17  1:10  Pylon  
  18  1:15  Probe  
  19  1:26  Probe  
  19  1:31  Zealot  
  22  1:40  Cybernetics Core, Probe  
  23  1:48  Zealot  
  23  1:52  Probe  
  26  1:59  Pylon  
  26  2:04  Probe  
  26  2:06  Zealot  
  29  2:12  Probe  
  29  2:16  Warp Gate  
  29  2:20  Zealot  
  32  2:28  Probe  
  33  2:34  Assimilator  
  33  2:35  Zealot  
  35  2:40  Probe  
  36  2:50  Stalker  
  38  2:56  Pylon  
  38  3:04  Forge  
  38  3:26  Shield Battery  
  38  3:39  Photon Cannon  
  38  3:40  Photon Cannon  
  38  3:42  Photon Cannon  
  38  3:45  Photon Cannon  
  38  3:51  Photon Cannon  
  38  4:02  Photon Cannon  
  38  4:08  Stalker  
  40  4:11  Sentry  
  42  4:20  Shield Battery  
  42  4:27  Pylon  
  42  4:34  Photon Cannon  
  42  4:47  Pylon  
  42  4:52  Zealot  
  42  4:53  Zealot  
  46  5:11  Photon Cannon  
  46  5:14  Photon Cannon  
  46  5:17  Sentry  
  46  5:20  Zealot  
  50  5:28  Photon Cannon  
  48  5:45  Zealot  
  48  5:46  Zealot  
  46  6:08  Photon Cannon  
  46  6:09  Photon Cannon  
  42  6:11  Photon Cannon  
  42  6:15  Stalker  
  44  6:39  Photon Cannon  
  42  6:40  Photon Cannon  
  42  6:43  Stalker  
  44  6:53  Photon Cannon  
  44  7:00  Zealot  
  46  7:08  Zealot  
  48  7:22  Zealot  
  48  7:29  Photon Cannon  
  50  7:34  Pylon  
  46  7:54  Stalker x2  
  46  8:08  Photon Cannon  
  46  8:10  Photon Cannon  
Show
View Real Time Build Order
Export as new Build Order

ИИ 1 (эксперт) Terran 

Build Orders:  

Get SALT Encoding   

  12  0:00  SCV  
  13  0:13  SCV  
  14  0:19  Supply Depot  
  14  0:25  SCV  
  15  0:30  Refinery  
  15  0:41  SCV  
  16  0:49  Barracks  
  16  0:53  SCV  
  17  1:05  SCV  
  18  1:17  SCV  
  19  1:36  Marine  
  19  1:38  Orbital Command, Supply Depot  
  20  1:41  Factory  
  20  1:53  Barracks  
  20  1:55  Marine  
  21  2:04  SCV  
  22  2:08  Refinery  
  22  2:12  Marine  
  23  2:16  SCV  
  24  2:23  Supply Depot  
  24  2:26  Factory Tech Lab  
  24  2:28  SCV  
  25  2:31  Marine  
  26  2:39  Marine  
  27  2:46  Siege Tank  
  27  2:49  SCV  
  31  2:52  Marine  
  31  2:57  Marine  
  33  3:03  SCV, Supply Depot  
  34  3:09  Marine  
  35  3:15  Marine  
  35  3:18  Siege Tank  
  39  3:24  SCV  
  40  3:27  Marine  
  40  3:32  Supply Depot, Marine  
  42  3:41  Starport  
  42  3:46  Barracks Tech Lab  
  42  3:51  Barracks Tech Lab  
  42  3:53  SCV  
  43  4:07  Stimpack  
  43  4:10  SCV  
  44  4:18  Medivac  
  44  4:19  Supply Depot  
  46  4:37  Combat Shield  
  46  4:42  Marauder  
  48  4:46  Marauder  
  48  4:48  Medivac  
  52  4:54  Engineering Bay  
  52  5:01  Engineering Bay  
  52  5:03  Marauder  
  54  5:07  Marine  
  54  5:08  Command Center  
  55  5:20  Supply Depot  
  55  5:24  Terran Infantry Weapons Level 1  
  55  5:25  Marauder  
  57  5:30  Marauder  
  54  5:46  Marauder  
  50  5:51  Marine  
  42  6:07  Marauder  
  42  6:09  Marauder  
  38  6:21  SCV x2  
  40  6:29  Marauder  
  40  6:30  Marauder  
  40  6:32  Refinery  
  44  6:33  SCV  
  44  6:36  SCV  
  43  6:45  SCV  
  42  6:50  Marauder  
  42  6:51  Marine  
  41  6:57  SCV  
  40  7:09  SCV, Marine  
  40  7:12  Marauder  
  42  7:27  SCV, Marine  
  44  7:32  Marine  
  45  7:39  SCV  
  46  7:45  Marine  
  46  7:50  Marine  
  46  7:51  SCV  
  38  8:02  Marine  
  36  8:08  Marine  
Tags
 
Add a new tag
Caveats
  • Supply blocks, unpowered buildings, or Contaminate may cause inaccurate times.
  • Supply counts are checked every 10 seconds.